 Dungeon Crawl Stone Soup version 0.26-a0-1191-ge2a0e31ab3 (webtiles) character file.

Game seed: 17243647670471584614

89832 ooooo the Destroyer (level 15, -5/69 HPs)
             Began as a Felid Conjurer on Dec 27, 2020.
             Was an Elder of Sif Muna.
             Shot with a stone by a faun (11 damage)
             ... while paralysed
             ... on level 1 of the Shoals on Dec 29, 2020.
             The game lasted 03:31:07 (53291 turns).

ooooo the Destroyer (Felid Conjurer)               Turns: 53291, Time: 03:31:08

Health: -5/69      AC:  3    Str:  0 (1)  XL:     15   Next: 13%
Magic:  8/33       EV:  4    Int: 34      God:    Sif Muna [****..]
Gold:   882        SH:  0    Dex: 17 (18) Spells: 0/41 levels left
                                        Lives:  0   Deaths: 4

rFire    x . .     SeeInvis +   (weapon unavailable)
rCold    + . .     Faith    .   (shield unavailable)
rNeg     . . .     Spirit   .   (armour unavailable)
rPois    .         Reflect  .   (helmet unavailable)
rElec    .         Harm     .   (cloak unavailable)
rCorr    .         Rampage  .   (gloves unavailable)
Will     ++...                  (boots unavailable)
Stlth    +++.......             h - amulet of magic regeneration
HPRegen  0.05/turn              B - +6 ring of intelligence
MPRegen  0.48/turn              A - ring of the Six Yaks {+Fly rF- Int+3 Dex+4}

@: paralysed, very slightly contaminated, slowed, lost strength, invisible, very
slow
A: very small, no armour, no weapons or thrown items, stealth, claws 1, fangs 3,
see invisible, clumsy 1, deterioration 1, speed 1, sense surroundings 1, shaggy
fur 3, weak 1, subdued magic 1, sharp paws
}: 1/15 runes: gossamer
a: Renounce Religion, Evoke Flight, Channel Magic, Forget Spell, Divine Exegesis


You were on level 1 of the Shoals.
You worshipped Sif Muna.
Sif Muna was greatly pleased with you.
You visited 6 branches of the dungeon, and saw 23 of its levels.
You also visited: Sewer.

You collected 2318 gold pieces.
You spent 1436 gold pieces at shops.

Inventory:

Jewellery
 g - a +4 ring of evasion
 h - an amulet of magic regeneration (around neck)
 j - an uncursed ring of poison resistance
 r - an uncursed ring of stealth
 t - an uncursed ring of magical power
 w - an uncursed ring of willpower
 A - the ring of the Six Yaks (right paw) {+Fly rF- Int+3 Dex+4}
   (You found it on level 2 of the Lair of Beasts)

   [ring of flight]

   It affects your intelligence (+3).
   It affects your dexterity (+4).
   It makes you vulnerable to fire.
   It lets you fly.
 B - a +6 ring of intelligence (left paw)
 D - an uncursed ring of flight {unknown}
 G - an uncursed ring of magical power
Wands
 c - a wand of iceblast (8)
 l - a wand of enslavement (14)
 u - a wand of disintegration (8)
 v - a wand of paralysis (22)
 x - a wand of polymorph (37)
 y - a wand of flame (22)
 L - a wand of digging (5)
 M - a wand of acid (8)
Scrolls
 a - 7 scrolls of teleportation
 e - 4 scrolls of identify
 k - 10 scrolls of remove curse
 q - a scroll of magic mapping
 C - 2 scrolls of fog
 E - a scroll of enchant weapon {unknown}
 F - a scroll of acquirement {unknown}
 H - 2 scrolls of amnesia
 I - a scroll of vulnerability {unknown}
 K - 6 scrolls of immolation
Potions
 b - 3 potions of flight
 d - 6 potions of heal wounds
 f - 10 potions of lignification
 i - 4 potions of brilliance
 m - 10 potions of curing
 n - 5 potions of haste
 o - 4 potions of attraction
 p - 4 potions of berserk rage
 s - 2 potions of might
 z - 4 potions of ambrosia
 J - 3 potions of magic
 N - a potion of resistance {unknown}


   Skills:
 - Level 9.9 Fighting
 - Level 12.8 Dodging
 - Level 13.7 Stealth
 - Level 13.6 Spellcasting
 - Level 13.9 Conjurations
 - Level 13.3 Hexes
 - Level 10.8 Translocations
 + Level 2.4 Transmutations
 + Level 2.0 Earth Magic
 - Level 8.5 Invocations


You couldn't memorise any spells.
You knew the following spells:

 Your Spells              Type           Power        Failure   Level
a - Magic Dart            Conj           100%         0%          1
b - Searing Ray           Conj           100%         0%          2
c - Fulminant Prism       Conj/Hex       36%          1%          4
d - Iskenderun's Mystic   Conj/Tloc      70%          1%          4
e - Slow                  Hex            73%          0%          2
f - Cause Fear            Hex            36%          1%          4
g - Invisibility          Hex            73%          1%          6
h - Fireball              Conj/Fire      26%          2%          5
i - Statue Form           Tmut/Erth      19%          69%         6
o - Orb of Destruction    Conj           37%          3%          7

Your spell library contained the following spells:

 Spells                   Type           Power        Failure   Level
 Apportation              Tloc           100%         0%          1
 Corona                   Hex            81%          0%          1
 Confusing Touch          Hex            73%          0%          3
 Dazzling Flash           Conj/Hex       100%         0%          3
 Tukima's Dance           Hex            73%          0%          3
 Foxfire                  Conj/Fire      100%         1%          1
 Sandblast                Erth           56%          1%          1
 Shock                    Conj/Air       100%         1%          1
 Passwall                 Tmut/Erth      24%          1%          2
 Sublimation of Blood     Necr           8%           1%          2
 Conjure Flame            Conj/Fire      53%          1%          3
 Gell's Gravitas          Tloc           32%          1%          3
 Inner Flame              Hex/Fire       51%          1%          3
 Static Discharge         Conj/Air       53%          1%          3
 Stone Arrow              Conj/Erth      100%         1%          3
 Teleport Other           Tloc           65%          1%          3
 Leda's Liquefaction      Hex/Erth       27%          1%          4
 Sticky Flame             Conj/Fire      53%          1%          4
 Yara's Violent Unravell  Hex/Tmut       28%          1%          5
 Lightning Bolt           Conj/Air       26%          2%          5
 Metabolic Englaciation   Hex/Ice        25%          2%          5
 Silence                  Hex/Air        25%          2%          5
 Summon Mana Viper        Hex/Summ       51%          2%          5
 Bolt of Magma            Conj/Fire/Erth 22%          4%          5
 Petrify                  Tmut/Erth      29%          5%          4
 Iron Shot                Conj/Erth      28%          9%          6
 Conjure Ball Lightning   Conj/Air       26%          13%         6
 Lee's Rapid Deconstruct  Erth           14%          19%         5
 Freezing Cloud           Conj/Ice/Air   21%          34%         6
 Discord                  Hex            36%          41%         8
 Malign Gateway           Summ/Tloc      23%          83%         7
 Ignition                 Fire           8%           100%        8
 Shatter                  Erth           14%          100%        9
 Tornado                  Air            8%           100%        9
 Portal Projectile        Hex/Tloc       Unusable     N/A         3

Dungeon Overview and Level Annotations

Branches:
Dungeon (9/15)             Temple (1/1) D:5            Lair (6/6) D:9
 Shoals (1/4) Lair:3       Spider (4/4) Lair:4        Slime (0/5) Lair:6
    Orc (2/2) D:9             Elf (0/3) Orc:2         Sewer (visited)

Altars:
Ashenzari
Cheibriados
Dithmenos
Elyvilon
Fedhas
Gozag
Hepliaklqana
Kikubaaqudgha
Makhleb
Nemelex Xobeh
Okawaru
Qazlal
Ru
Sif Muna
Trog
Uskayaw
Vehumet
Wu Jian
Xom
Yredelemnul
Zin
The Shining One

Shops:
Orc:2 !([?(((:

Portals:
Hell: Lair:6

Annotations:
D:8 3 runed translucent doors, Gastronok; vvl's ghost, novice HOFi


Innate Abilities, Weirdness & Mutations

You cannot wear armour.
You are incapable of wielding weapons or throwing items.
Your paws allow you to move quietly. (Stealth)
You have sharp claws.
You have razor-sharp teeth.
You have supernaturally acute eyesight. (SInv)
You cover ground quickly.
Your thick and shaggy fur keeps you warm. (AC +3, rC+)
Your sharp claws are effective at attacking unaware monsters.
You are clumsy. (Dex -2)
Your body sometimes deteriorates upon taking damage.
You passively map a small area around you.
You are weak. (Str -2)
Your spells are a little easier to cast, but a little less powerful.


Message History

...and don't expect to remain undetected.
The harpy closely misses you. x2
You see here a spear.
You enter the shallow water.
Moving in this stuff is going to be slow. ...and don't expect to remain undetected.
The faun unwields a +0 quarterstaff.
The faun wields a +0 hunting sling.
The faun shoots a stone.
The stone hits you!!
You hear a splash.
You see here a stone.
The harpy completely misses you. The harpy misses you.
The faun shoots a stone.
The stone hits you!!
Your body deteriorates!
You feel weakened.
You have lost your strength.
You hear a splash.
The harpy claws you!
* * * LOW HITPOINT WARNING * * *
The harpy claws you.
* * * LOW HITPOINT WARNING * * *
The faun shoots a stone.
The stone hits you!
You die...

≈≈....≈≈≈≈≈≈≈≈....###...####..,
......≈≈≈≈≈≈≈..#......†## ,≈
......≈≈≈≈≈≈≈≈#####..≈..##
...###≈≈≈≈≈≈≈..# #..≈≈≈..#
...##.≈≈≈≈≈≈≈..###.≈≈≈≈≈.#
#.....≈≈≈≈≈≈≈.....≈≈≈≈≈≈.#* * ,
##....≈≈≈≈≈≈≈≈≈.)≈≈≈≈c≈.... ,
#...>≈≈≈≈≈≈≈≈≈≈≈H≈≈≈≈...#...
.....≈≈≈≈≈≈≈≈≈≈≈@≈≈≈≈≈.####. ,
.....≈..≈≈≈≈≈≈≈≈...≈≈≈.# * ≈
≈........≈≈≈≈≈≈≈##..≈≈..# ≈
.....###≈≈≈≈≈≈≈≈###.≈≈... ≈
≈≈...##.≈≈≈≈≈≈≈≈...≈≈≈≈.# ≈ ≈
≈≈.###...≈≈≈≈≈≈..≈≈≈≈≈≈. ≈
....##.....≈≈.###..≈≈≈≈≈
..≈.....#..≈..# .≈≈≈≈≈≈
........##..≈.###.≈≈≈≈≈≈


You could see a faun and a harpy.

Vanquished Creatures
  Bai Suzhen (Spider:3)
  Arachne (Spider:2)
  Jorgrun (Orc:1)
  5 emperor scorpions
  3 ghost moths
  Nessos (Lair:5)
  4 entropy weavers
  3 spark wasps (Spider:4)
  Snorg (Lair:4)
  A merfolk impaler (Shoals:1)
  4 hydras
  2 boulder beetles (Spider:3)
  Harold (D:7)
  A catoblepas (Lair:5)
  12 two-headed ogres (Orc:2)
  Erica (Lair:2)
  A merfolk avatar (Shoals:1)
  4 ogre magi (Orc:2)
  A death yak (Lair:5)
  An orc high priest (Orc:2)
  Sonja (Lair:2)
  Nergalle (Orc:1)
  A fire crab (Lair:6)
  A sixfirhy (Lair:6)
  A wizard (Lair:6)
  Pikel (D:8)
  4 orc knights
  4 oklob plants (Lair:1)
  33 wolf spiders
  3 harpies (Shoals:1)
  23 orb spiders
  4 moths of wrath
  2 orc sorcerers (Orc:1)
  A manticore (Shoals:1)
  A cyclops (Orc:1)
  Maurice (D:8)
  5 torpor snails
  10 elephants
  A black mamba (Lair:6)
  14 cane toads
  2 orange demons (Lair:6)
  11 rime drakes
  23 demonic crawlers
  7 komodo dragons
  3 ice devils (Lair:6)
  A hellwing (Lair:6)
  A red devil (Lair:6)
  23 jumping spiders
  5 trolls
  A merfolk (Shoals:1)
  A wind drake (Shoals:1)
  5 hornets (Spider:4)
  2 snapping turtles (Shoals:1)
  10 blink frogs
  17 tarantellas
  36 redbacks
  3 basilisks
  27 yaks
  3 wyverns
  3 vampire mosquitoes (Spider:3)
  A steam dragon (D:8)
  7 wargs
  Menkaure (D:7)
  4 hell hounds (Lair:6)
  25 water moccasins
  3 eyes of draining (D:3)
  3 ice beasts
  24 orc warriors
  2 sky beasts
  6 black bears
  31 ogres
  4 lemures (D:8)
  15 wolves
  2 centaurs (D:9)
  2 big kobolds
  13 bullfrogs
  2 scorpions (D:9)
  6 wights
  5 howler monkeys
  An electric eel (Lair:1)
  2 quasits (D:9)
  A bullfrog zombie (D:7)
  2 hounds
  14 jellies
  19 orc wizards
  12 orc priests
  2 bullfrog skeletons
  4 iguanas
  Jessica (D:2)
  5 worker ants
  A hound skeleton (D:9)
  2 worker ant zombies
  Robin (D:2)
  11 adders
  2 river rats (Sewer)
  5 white imps
  An ufetubus (D:7)
  2 oozes
  An adder skeleton (D:4)
  2 worms (D:3)
  2 dart slugs
  7 leopard geckos
  67 orcs
  3 bats
  8 giant cockroaches
  12 goblins
  13 hobgoblins
  4 jackals
  17 kobolds
  3 quokkas
  3 ball pythons
  3 frilled lizards
  A leopard gecko skeleton (D:7)
  A quokka skeleton (D:4)
  2 quokka zombies
  7 rats
  35 fulminant prisms
780 creatures vanquished.

Vanquished Creatures (others)
  Asterion (Spider:4)
  An orc priest (Orc:1)
  An orc (Orc:1)
  638 fulminant prisms
  75 fungi
  75 plants
791 creatures vanquished.

Grand Total: 1571 creatures vanquished

Notes
Turn   | Place    | Note
-------+----------+-------------------------------------------
     0 | D:1      | ooooo the Felid Conjurer began the quest for the Orb.
     0 | D:1      | Reached XP level 1. HP: 7/7 MP: 4/4
   333 | D:1      | Reached XP level 2. HP: 12/12 MP: 4/6
   386 | D:1      | Learned a level 2 spell: Searing Ray
  1661 | D:2      | Reached XP level 3. HP: 15/15 MP: 7/7
  1680 | D:2      | Reached skill level 1 in Fighting
  1681 | D:2      | Upgraded the game from 0.26-a0-1181-gd376ed14c5 to
                  | 0.26-a0-1184-g95e395e029
  1682 | D:2      | Upgraded the game from 0.26-a0-1184-g95e395e029 to
                  | 0.26-a0-1191-ge2a0e31ab3
  1753 | D:2      | Noticed Jessica
  1755 | D:2      | Killed Jessica
  1756 | D:2      | Reached XP level 4. HP: 19/19 MP: 4/8
  2025 | D:2      | Noticed Robin
  2189 | D:2      | Killed Robin
  2543 | D:3      | Learned a level 4 spell: Fulminant Prism
  2723 | D:3      | Noticed an eye of draining
  2792 | D:3      | Noticed an eye of draining
  2873 | D:3      | Reached XP level 5. HP: 22/22 MP: 5/10
  3051 | D:3      | Noticed an eye of draining
  3052 | D:3      | Found a bloodstained altar of Trog.
  3224 | D:3      | Killed an eye of draining
  3225 | D:3      | Reached skill level 1 in Hexes
  3832 | D:3      | Killed an eye of draining
  3833 | D:3      | Gained mutation: You are covered in thick fur. (AC +2)
                  | [Felid growth]
  3833 | D:3      | Reached XP level 6. HP: 27/27 MP: 2/11
  3908 | D:3      | Reached skill level 5 in Stealth
  4564 | D:4      | Found a glowing drain.
  4575 | Sewer    | Entered a sewer
  4579 | Sewer    | Reached XP level 7. HP: 30/30 MP: 9/13
  4657 | Sewer    | Reached skill level 5 in Dodging
  4808 | Sewer    | Found a white marble altar of Elyvilon.
  4861 | Sewer    | Learned a level 4 spell: Iskenderun's Mystic Blast
  5340 | D:5      | Entered Level 5 of the Dungeon
  5526 | D:5      | Found a shadowy altar of Dithmenos.
  5527 | D:5      | Found an ornate altar of the Wu Jian Council.
  5528 | D:5      | Found a blossoming altar of Fedhas.
  5953 | D:5      | Found a staircase to the Ecumenical Temple.
  5962 | Temple   | Entered the Ecumenical Temple
  6225 | Temple   | Became a worshipper of Sif Muna the Loreminder
  6542 | D:6      | Reached skill level 5 in Conjurations
  6542 | D:6      | Reached skill level 1 in Translocations
  6621 | D:6      | Reached XP level 8. HP: 36/36 MP: 8/15
  7137 | D:6      | Reached skill level 5 in Hexes
  7982 | D:7      | Noticed Menkaure
  8039 | D:7      | Reached XP level 9. HP: 39/39 MP: 4/17
  8898 | D:7      | Killed Menkaure
  9084 | D:7      | Reached * piety under Sif Muna
  9139 | D:7      | Noticed Harold
  9292 | D:7      | Reached skill level 5 in Spellcasting
  9512 | D:7      | Killed Harold
  9513 | D:7      | Reached skill level 5 in Fighting
  9513 | D:7      | Reached skill level 5 in Translocations
  9513 | D:7      | Reached skill level 1 in Invocations
  9846 | D:7      | Found a hazy altar of Hepliaklqana.
 10166 | D:8      | Noticed Gastronok
 10181 | D:8      | Noticed Pikel
 10224 | D:8      | Noticed Maurice
 10287 | D:8      | Killed Maurice
 10288 | D:8      | Reached XP level 10. HP: 44/44 MP: 9/19
 10384 | D:8      | Killed Pikel
 10511 | D:8      | Found a runed translucent gate.
 10512 | D:8      | Found a runed translucent gate.
 10513 | D:8      | Found a runed translucent gate.
 10515 | D:8      | Noticed vvl's ghost (novice HOFi)
 11100 | D:8      | Reached ** piety under Sif Muna
 12266 | D:9      | Found a staircase to the Lair.
 12720 | D:9      | Reached *** piety under Sif Muna
 13099 | D:9      | Found a basalt altar of Yredelemnul.
 13099 | D:9      | Found a radiant altar of Vehumet.
 13140 | D:9      | Reached XP level 11. HP: 49/49 MP: 3/21
 13222 | D:9      | Found a staircase to the Orcish Mines.
 13542 | Lair:1   | Entered Level 1 of the Lair of Beasts
 13970 | Lair:1   | Reached skill level 10 in Stealth
 14358 | Lair:1   | Slain by a komodo dragon
 14359 | Lair:1   | Reached XP level 10. HP: 0/46 MP: 4/20
 14658 | Lair:1   | Noticed an oklob plant
 15055 | Lair:2   | Noticed Erica
 15062 | Lair:2   | Killed Erica
 15337 | Lair:2   | Noticed Sonja
 15341 | Lair:2   | Killed Sonja
 15371 | Lair:2   | Got a coiled silver ring
 15373 | Lair:2   | Identified the ring of the Six Yaks {+Fly rF- Int+3 Dex+4}
                  | (You found it on level 2 of the Lair of Beasts)
 15477 | Lair:2   | Noticed a cane toad
 15484 | Lair:2   | Killed a cane toad
 15792 | Lair:2   | Noticed a cane toad
 15804 | Lair:2   | Killed a cane toad
 16132 | Lair:3   | Noticed a cane toad
 16135 | Lair:3   | Killed a cane toad
 16136 | Lair:3   | Reached XP level 11. HP: 50/50 MP: 14/22
 16394 | Lair:2   | Learned a level 2 spell: Slow
 16404 | Lair:3   | Noticed a four-headed hydra
 16791 | Lair:2   | Reached skill level 5 in Invocations
 17133 | Lair:3   | Noticed a six-headed hydra
 17356 | Lair:3   | Reached skill level 10 in Hexes
 17360 | Lair:3   | Reached skill level 10 in Dodging
 17360 | Lair:3   | Slain by a four-headed hydra
 17361 | Lair:3   | Reached XP level 10. HP: -1/47 MP: 2/21
 17668 | Lair:3   | Killed a four-headed hydra
 18023 | Lair:2   | Killed an elephant
 18024 | Lair:2   | Reached XP level 11. HP: 21/50 MP: 5/22
 18442 | Lair:3   | Reached **** piety under Sif Muna
 18549 | Lair:3   | Found a staircase to the Shoals.
 18646 | Lair:3   | Killed a six-headed hydra
 19813 | Lair:4   | Reached skill level 10 in Translocations
 19829 | Lair:4   | Noticed Snorg
 19853 | Lair:4   | Killed Snorg
 20033 | Lair:4   | Found a hole to the Spider Nest.
 20536 | Lair:4   | Noticed a six-headed hydra
 20551 | Lair:4   | Killed a six-headed hydra
 20767 | Lair:5   | Noticed Nessos
 21255 | Lair:5   | Gained mutation: Your thick and shaggy fur keeps you warm.
                  | (AC +3, rC+) [Felid growth]
 21255 | Lair:5   | Reached XP level 12. HP: 55/55 MP: 20/24
 21530 | Lair:5   | Killed Nessos
 22138 | Lair:5   | Learned a level 4 spell: Cause Fear
 22147 | Lair:6   | Entered Level 6 of the Lair of Beasts
 22286 | Lair:6   | Noticed a catoblepas
 22300 | Lair:6   | Noticed a death yak
 23594 | Lair:5   | Killed a death yak
 25562 | Lair:5   | Killed a catoblepas
 26054 | Lair:6   | Reached ***** piety under Sif Muna
 27320 | Lair:6   | Identified Sif Muna's Handbook of Beguiling and Air (Sif
                  | Muna gifted it to you on level 6 of the Lair of Beasts)
 27320 | Lair:6   | Received a gift from Sif Muna
 27470 | Lair:5   | Learned a level 6 spell: Invisibility
 27547 | Lair:6   | Found a staircase to the Slime Pits.
 27594 | Lair:6   | Noticed a four-headed hydra
 27665 | Lair:6   | Killed a four-headed hydra
 28054 | Lair:6   | Reached XP level 13. HP: 60/60 MP: 18/26
 28277 | Lair:6   | Found a burning altar of Makhleb.
 29569 | Lair:6   | Found a gateway to Hell.
 29949 | Orc:1    | Entered Level 1 of the Orcish Mines
 30635 | D:9      | Learned a level 3 spell: Gell's Gravitas
 31786 | Orc:2    | Entered Level 2 of the Orcish Mines
 32574 | Orc:2    | Identified Sif Muna's Compendium of Lethal Black Rituals
                  | (Sif Muna gifted it to you on level 2 of the Orcish Mines)
 32574 | Orc:2    | Received a gift from Sif Muna
 32798 | Orc:2    | Found Qibaomux's Book Emporium.
 32944 | Orc:2    | Found Haodghokh's Weapon Shoppe.
 32975 | Orc:2    | Found a staircase to the Elven Halls.
 34048 | Orc:2    | Reached XP level 14. HP: 38/64 MP: 7/28
 34411 | Orc:2    | Found Casaomp's Magic Scroll Shoppe.
 34417 | Orc:2    | Found Xoig's Weapon Shoppe.
 34584 | Orc:2    | Found Zafao's Antique Weapon Emporium.
 34658 | Orc:2    | Found Jeleot's Antique Armour Shop.
 34659 | Orc:2    | Found Vuxabapa's Antique Weapon Shop.
 34659 | Orc:2    | Found Jituh's Distillery.
 34825 | Orc:2    | Bought a scroll of identify for 26 gold pieces
 34825 | Orc:2    | Bought a scroll of teleportation for 39 gold pieces
 34825 | Orc:2    | Bought a scroll of identify for 26 gold pieces
 34825 | Orc:2    | Bought a scroll of fog for 26 gold pieces
 34825 | Orc:2    | Bought a scroll of identify for 26 gold pieces
 34825 | Orc:2    | Bought a scroll of fear for 45 gold pieces
 34829 | Orc:2    | Bought a potion of heal wounds for 80 gold pieces
 34829 | Orc:2    | Bought a potion of heal wounds for 80 gold pieces
 34829 | Orc:2    | Bought 2 potions of magic for 256 gold pieces
 34829 | Orc:2    | Bought a potion of haste for 160 gold pieces
 34829 | Orc:2    | Bought 2 potions of magic for 256 gold pieces
 34829 | Orc:2    | Bought a potion of cancellation for 128 gold pieces
 34829 | Orc:2    | Bought a potion of haste for 160 gold pieces
 35123 | Spider:1 | Entered Level 1 of the Spider Nest
 35160 | Lair:4   | Learned a level 7 spell: Orb of Destruction
 35203 | Spider:1 | Noticed an emperor scorpion
 36094 | Lair:4   | HP: 3/65 [emperor scorpion (15)]
 36094 | Lair:4   | Slain by an emperor scorpion
 36095 | Lair:4   | Reached XP level 13. HP: 0/61 MP: 7/27
 36276 | Lair:4   | Killed an emperor scorpion
 36341 | Lair:4   | Found a hole to the Spider Nest.
 36459 | Spider:1 | Reached skill level 10 in Conjurations
 37490 | Spider:1 | Reached skill level 10 in Spellcasting
 37515 | Spider:1 | Identified Sif Muna's Incunabulum of Creative Execration
                  | (Sif Muna gifted it to you on level 1 of the Spider Nest)
 37515 | Spider:1 | Received a gift from Sif Muna
 38209 | Spider:2 | Noticed Arachne
 38864 | Spider:1 | Reached XP level 14. HP: 33/65 MP: 3/29
 39484 | Spider:2 | Gained mutation: Your spells are a little easier to cast,
                  | but a little less powerful. [mutagenic glow]
 39573 | Spider:2 | Killed Arachne
 40327 | Spider:3 | Noticed a ghost moth
 40342 | Spider:3 | Killed a ghost moth
 40822 | Spider:3 | Noticed Bai Suzhen
 42142 | Spider:2 | Learned a level 5 spell: Fireball
 42769 | Spider:3 | Noticed an emperor scorpion
 42856 | Spider:3 | Killed Bai Suzhen
 43530 | Spider:3 | Killed an emperor scorpion
 43685 | Spider:3 | HP: 1/65 [demonic crawler (8)]
 45367 | Spider:4 | Entered Level 4 of the Spider Nest
 45590 | Spider:3 | Gained mutation: You tend to lose your temper in combat.
                  | [mutagenic glow]
 45594 | Spider:3 | Lost mutation: You tend to lose your temper in combat.
                  | [potion of mutation]
 45594 | Spider:3 | Lost mutation: Your spells are a little easier to cast, but
                  | a little less powerful. [potion of mutation]
 45594 | Spider:3 | Gained mutation: Your mind is acute. (Int +2) [potion of
                  | mutation]
 45594 | Spider:3 | Gained mutation: You are occasionally teleported next to
                  | monsters. [potion of mutation]
 45594 | Spider:3 | Gained mutation: You are robust. (+10% HP) [potion of
                  | mutation]
 45595 | Spider:3 | Lost mutation: Your mind is acute. (Int +2) [potion of
                  | mutation]
 45595 | Spider:3 | Gained mutation: You are weak. (Str -2) [potion of
                  | mutation]
 45595 | Spider:3 | Gained mutation: Your mind is acute. (Int +2) [potion of
                  | mutation]
 45756 | Orc:1    | Found a radiant altar of Vehumet.
 45757 | Orc:1    | Noticed Nergalle
 45881 | Orc:1    | Noticed Jorgrun
 45993 | Orc:1    | Killed Jorgrun
 46064 | Orc:1    | Killed Nergalle
 46175 | Orc:2    | Bought a potion of mutation for 128 gold pieces
 46175 | Orc:2    | Lost mutation: Your mind is acute. (Int +2) [potion of
                  | mutation]
 46175 | Orc:2    | Lost mutation: You are weak. (Str -2) [potion of mutation]
 46175 | Orc:2    | Lost mutation: You are occasionally teleported next to
                  | monsters. [potion of mutation]
 46175 | Orc:2    | Lost mutation: You are robust. (+10% HP) [potion of
                  | mutation]
 46175 | Orc:2    | Gained mutation: You are weak. (Str -2) [potion of
                  | mutation]
 46175 | Orc:2    | Gained mutation: Your body sometimes deteriorates upon
                  | taking damage. [potion of mutation]
 46175 | Orc:2    | Gained mutation: You passively map a small area around you.
                  | [potion of mutation]
 46388 | Spider:4 | Identified Sif Muna's Guide on Warped Arcane Weapons (Sif
                  | Muna gifted it to you on level 4 of the Spider Nest)
 46388 | Spider:4 | Received a gift from Sif Muna
 46789 | Spider:4 | Reached XP level 15. HP: 69/69 MP: 17/32
 48187 | Spider:4 | Noticed Asterion
 48293 | Spider:4 | Killed Asterion
 48358 | Spider:4 | Lost strength.
 50044 | Spider:4 | Noticed a ghost moth
 50047 | Spider:4 | Killed a ghost moth
 50066 | Spider:4 | Paralysed by a hornet for 2 turns
 50066 | Spider:4 | Noticed a ghost moth
 50067 | Spider:4 | HP: 2/69 [hornet (17)]
 50068 | Spider:4 | Succumbed to a hornet's poison
 50069 | Spider:4 | Reached XP level 14. HP: 0/65 MP: 0/31
 50147 | Spider:4 | Killed an emperor scorpion
 50288 | Spider:4 | Noticed an emperor scorpion
 50400 | Spider:4 | Noticed an emperor scorpion
 50768 | Spider:4 | Killed an emperor scorpion
 50972 | Spider:4 | Killed an emperor scorpion
 51080 | Spider:4 | Killed a ghost moth
 51420 | Spider:4 | Gained mutation: You are clumsy. (Dex -2) [mutagenic glow]
 52120 | Spider:4 | Got a gossamer rune of Zot
 52288 | Spider:3 | Reached XP level 15. HP: 69/69 MP: 11/33
 52559 | Lair:4   | Learned a level 6 spell: Statue Form
 52611 | Shoals:1 | Entered Level 1 of the Shoals
 52909 | Shoals:1 | Gained mutation: Your spells are a little easier to cast,
                  | but a little less powerful. [mutagenic glow]
 52916 | Shoals:1 | Reached skill level 1 in Transmutations
 52985 | Shoals:1 | Reached skill level 1 in Earth Magic
 53290 | Shoals:1 | Lost strength.
 53291 | Shoals:1 | Shot with a stone by a faun

Illustrated notes

Levels and vault maps discovered:
D:1:      minmay_arrival_shattered_statue, layout_basic
D:2:      layout_loops_ring, hangedman_decor_riveting, uniq_jessica, uniq_robin
D:3:      layout_loops_cross, trog_eyes_of_draining
D:4:      layout_layer_cave, cheibrodos_sewer_entry_drain
D:5:      layout_cave_pods, grunt_temple_overflow_open, minmay_temple_entry_mist
D:6:      layout_gridville, nicolae_water_bricks, serial_park_tiny_2
D:7:      layout_gridville, kennysheep_mini_moat, grunt_ministairs_6,
          uniq_harold, uniq_menkaure
D:8:      layout_loops_corners, gammafunk_ghost_spectres, serial_ice,
          serial_ice_f, serial_ice_o, serial_ice_h, serial_ice_a, uniq_maurice,
          uniq_gastronok, uniq_pikel
D:9:      layout_irregular_city, gammafunk_temple_overflow_wave,
          minmay_lair_entry_grove, minmay_orc_entry_guard_dogs
Temple:   kb_temple_of_zot
Lair:1:   layout_misc_corridors, minmay_lair_oklob_chamber,
          serial_bayou_shore_a, infiniplex_staircase_pool
Lair:2:   layout_hall_layers, wad_woods_road_05, uniq_sonja, uniq_erica
Lair:3:   layout_misc_corridors, elwin_shoals_entry_rocks, grunt_megastairs_4
Lair:4:   layout_regular_city, spider_nest_entry_webs, gauntlet_entry_generic,
          infiniplex_staircase_pool_2, uniq_snorg
Lair:5:   layout_loops_ring, uniq_nessos
Lair:6:   evil_forest, layout_regular_city, minmay_slime_entry_jelly_boxes
Shoals:1: layout_shoals
Spider:1: layout_chambers, hangedman_spider_tarantella_strand
Spider:2: layout_spider_delve, drop_trap, uniq_arachne
Spider:3: layout_spider_delve, einodemon_crawler_minivault, uniq_bai_suzhen
Spider:4: guppyfry_spider_rune, worms_lemuel, uniq_asterion
Orc:1:    layout_caves, basic_altar, uniq_jorgrun, uniq_nergalle
Orc:2:    st_orc_ogre_mass, layout_diamond_mine, serial_shops, shop,
          nicolae_shop_behind_doors, shop, nicolae_shop_crystal

Skill      XL: |  1  2  3  4  5  6  7  8  9 10 11 12 13 14 15 |
---------------+----------------------------------------------+-----
Stealth        | 3 4 5 6 7 8 11 10 12 13 | 13.7
Dodging        | 3 4 5 6 7 8 10 11 12 | 12.8
Fighting       | 1 2 3 4 5 7 8 9 |  9.9
Conjurations   | 4 5 6 8 10 12 13 | 13.9
Spellcasting   | 3 4 5 6 7 8 10 13 | 13.6
Hexes          | 2 3 4 5 7 8 11 12 13 | 13.3
Translocations | 1 4 6 7 10 | 10.8
Invocations    | 2 3 6 7 8 |  8.5
Transmutations | 2 |  2.4
Earth Magic    | 2 |  2.0

Action                   |  1- 3 |  4- 6 |  7- 9 | 10-12 | 13-15 || total
-------------------------+-------+-------+-------+-------+-------++-------
Melee: Unarmed           |    16 |    41 |    18 |     5 |    41 ||   121
       Bite              |     2 |     7 |     1 |     1 |     4 ||    15
 Cast: Magic Dart        |    46 |    67 |    31 |    18 |    16 ||   178
       Searing Ray       |     4 |    31 |    37 |    84 |   105 ||   261
       Fulminant Prism   |       |       |    64 |   312 |   297 ||   673
       Iskenderun's Myst |       |       |     3 |    81 |   164 ||   248
       Slow              |       |       |       |    42 |    28 ||    70
       Cause Fear        |       |       |       |    22 |    47 ||    69
       Invisibility      |       |       |       |       |    88 ||    88
       Orb of Destructio |       |       |       |       |   150 ||   150
       Gell's Gravitas   |       |       |       |       |     7 ||     7
       Fireball          |       |       |       |       |    35 ||    35
Invok: Channel Magic     |       |       |       |       |     3 ||     3
Evoke: Wand              |       |       |     7 |    23 |    46 ||    76
  Use: Scroll            |       |     7 |    11 |    10 |    12 ||    40
       Potion            |       |       |       |     2 |    13 ||    15
 Stab: Sleeping          |     4 |     1 |     1 |     1 |       ||     7
       Invisible         |       |       |       |       |     7 ||     7
Armor: Skin              |     1 |       |     2 |     3 |    17 ||    23
Dodge: Dodged            |    16 |    16 |    41 |   182 |   564 ||   819

Table legend: (Time is in decaauts)
 A = Elapsed time spent in this place.
 B = Non-inter-level travel time spent in this place.
 C = Inter-level travel time spent in this place.
 D = Time resting spent in this place.
 E = Time spent auto-exploring this place.
 F = Levels seen in this place.
 G = Mean time per level.
                   A        B        C        D        E       F      G
               +--------+--------+--------+--------+--------+-----+--------+
         Total |  50092 |  47391 |   2701 |  24498 |  14831 |  24 | 2087.2 |
       Dungeon |  13408 |  12899 |    509 |   4869 |   5806 |   9 | 1489.8 |
        Temple |    234 |    212 |     22 |      0 |     82 |   1 |  234.0 |
          Lair |  16040 |  14985 |   1055 |   8552 |   4075 |   6 | 2673.3 |
        Shoals |    666 |    666 |      0 |    311 |    216 |   1 |  666.0 |
   Spider Nest |  15763 |  14820 |    943 |   8677 |   3719 |   4 | 3940.8 |
  Orcish Mines |   3684 |   3513 |    171 |   1972 |    824 |   2 | 1842.0 |
         Sewer |    294 |    294 |      0 |    116 |    108 |   1 |  294.0 |
               +--------+--------+--------+--------+--------+-----+--------+

Top non-repeatable levels by time:
  Lair:5: 4572 daAuts
Spider:2: 4314 daAuts
Spider:3: 4144 daAuts
Spider:4: 4063 daAuts
  Lair:4: 3424 daAuts
     D:9: 3402 daAuts
Spider:1: 3240 daAuts
  Lair:2: 2773 daAuts
  Lair:6: 2420 daAuts
   Orc:2: 1845 daAuts
   Orc:1: 1839 daAuts
     D:8: 1702 daAuts
     D:6: 1586 daAuts
  Lair:1: 1514 daAuts
     D:1: 1491 daAuts
